 Dungeon Sprint DCSS version 0.26-a0-649-gf8c6c3aab7 (webtiles) character file.

Game seed: 13728046342744508344

906 sahdkjhfkaj the Grappler (level 7, -18/85 HPs)
             Began as a Troll Monk on Sept 27, 2020.
             Was a Believer of Ashenzari.
             Killed from afar by a bog body (31 damage)
             ... with a bolt of cold
             ... in the Dungeon (Sprint VII: "The Pits").
             The game lasted 00:02:37 (565 turns).

sahdkjhfkaj the Grappler (Troll Monk)                Turns: 565, Time: 00:02:38

Health: -18/85     AC:  6    Str: 21    XL:     7   Next: 81%
Magic:  6/6        EV: 10    Int:  7    God:    Ashenzari [**....]
Gold:   0          SH:  0    Dex: 12    Spells: 6/6 levels left

rFire    . . .     SeeInvis .     - Unarmed
rCold    . . .     Faith    .   (no shield)
rNeg     . . .     Spirit   .   a - +0 robe
rPois    .         Reflect  .   (helmet restricted)
rElec    .         Harm     .   (no cloak)
rCorr    .         Rampage  .   (gloves unavailable)
MR       .....     NoTele   +   (boots unavailable)
Stlth    ++........             (no amulet)
HPRegen  0.64/turn              (no ring)
MPRegen  0.10/turn              (no ring)

@: slowed, very slow
A: large, unfitting armour, claws 3, regeneration 1, shaggy fur 1, tough skin 3
a: Curse Item, Scrying, Renounce Religion


You were in the Dungeon.
You worshipped Ashenzari.
Ashenzari was pleased with you.
You visited 1 branch

Inventory:

Armour
 a - a +0 robe (worn)
Scrolls
 g - a scroll of blinking
 i - 3 scrolls of remove curse
 j - 5 scrolls of amnesia
 k - a scroll of summoning
 l - 2 scrolls of vulnerability
Potions
 b - 5 potions of curing
 c - 4 potions of heal wounds
 d - a potion of haste
 e - 4 potions of magic
 f - 3 potions of berserk rage
 h - 2 potions of invisibility


   Skills:
 - Level 10.0 Fighting
 - Level 2.4 Dodging
 - Level 1.0 Stealth
 + Level 12.8 Unarmed Combat


You had 6 spell levels left.
You didn't know any spells.
Your spell library was empty.

Dungeon Overview and Level Annotations

Branches:
Dungeon (1/1)

Altars:
Ashenzari
Cheibriados
Dithmenos
Elyvilon
Fedhas
Gozag
Hepliaklqana
Kikubaaqudgha
Makhleb
Nemelex Xobeh
Okawaru
Qazlal
Ru
Sif Muna
Trog
Uskayaw
Vehumet
Wu Jian
Xom
Yredelemnul
Zin
The Shining One
Beogh
Jiyva
Lugonu


Innate Abilities, Weirdness & Mutations

You are too large for most types of armour.
You have claws for hands.
Your natural rate of healing is unusually fast.
You are covered in fur. (AC +1)
You have extremely tough skin. (AC +3)


Message History

* * * LOW HITPOINT WARNING * * *
The bog body touches you. The bog body freezes you!
* * * LOW HITPOINT WARNING * * *
The bog body casts a spell at you.
You feel yourself slow down.
You turn to flesh and can move again.
Unknown command.
Unknown command.
Unknown command.
Unknown command.
Unknown command.
Unknown command.
Unknown command.
Unknown command.
You feel much better. The bog body hits you.
* * * LOW HITPOINT WARNING * * *
The bog body closely misses you.
The bog body points at you and mumbles some strange words.
The bolt of cold hits you!!
You die...

#.####'##'###...<...#
#.#........##.......#
#.#........##.......#
#'###########.......#
,
#.......#..##########
#..#†#..#.##*###*
#.##[##.#.# ...# **
#.......#)#....#
#.##.##.#@n....+ *
#..#.#..#'#....# *
#.......†.#,...#,
########### ###


You could see a bog body.

Vanquished Creatures
  A blink frog (D)
  A basilisk (D)
  A fire bat (D)
  A floating eye (D)
  A black bear (D)
  2 necrophages (D)
  A hound (D)
  A worker ant (D)
  A mummy (D)
  2 adders (D)
  An ufetubus (D)
  2 orcs (D)
  A ball python (D)
  4 jackals (D)
  A quokka (D)
  A bat (D)
  2 frilled lizards (D)
24 creatures vanquished.

Vanquished Creatures (others)
  A ball python (D)
1 creature vanquished.

Grand Total: 25 creatures vanquished

Notes
Turn   | Place    | Note
-------+----------+-------------------------------------------
     0 | D        | sahdkjhfkaj the Troll Monk began the quest for the Orb.
     0 | D        | Reached XP level 1. HP: 22/22 MP: 0/0
    18 | D        | Reached skill level 4 in Unarmed Combat
    21 | D        | Found a bloodstained altar of Trog.
    21 | D        | Found a shimmering blue altar of Sif Muna.
    21 | D        | Found a viscous altar of Jiyva.
    21 | D        | Found a hazy altar of Hepliaklqana.
    21 | D        | Found an opulent altar of Gozag.
    22 | D        | Found a glowing golden altar of the Shining One.
    22 | D        | Found a glowing silver altar of Zin.
    22 | D        | Found a basalt altar of Yredelemnul.
    22 | D        | Found a shimmering altar of Xom.
    22 | D        | Found an ornate altar of the Wu Jian Council.
    22 | D        | Found a sacrificial altar of Ru.
    22 | D        | Found a stormy altar of Qazlal.
    22 | D        | Found an iron altar of Okawaru.
    22 | D        | Found a sparkling altar of Nemelex Xobeh.
    22 | D        | Found a burning altar of Makhleb.
    22 | D        | Found a blossoming altar of Fedhas.
    22 | D        | Found a white marble altar of Elyvilon.
    22 | D        | Found a shadowy altar of Dithmenos.
    22 | D        | Found a snail-covered altar of Cheibriados.
    25 | D        | Found a roughly hewn altar of Beogh.
    25 | D        | Found a corrupted altar of Lugonu.
    25 | D        | Found a radiant altar of Vehumet.
    26 | D        | Found a broken altar of Ashenzari.
    26 | D        | Found an ancient bone altar of Kikubaaqudgha.
    26 | D        | Found a hide-covered altar of Uskayaw.
    34 | D        | Became a worshipper of Ashenzari the Shackled
    34 | D        | Reached * piety under Ashenzari
    34 | D        | Reached ** piety under Ashenzari
    87 | D        | Noticed a worker ant
   101 | D        | Killed a worker ant
   101 | D        | Reached skill level 5 in Unarmed Combat
   101 | D        | Reached XP level 2. HP: 28/32 MP: 1/1
   101 | D        | Reached XP level 3. HP: 35/39 MP: 2/2
   251 | D        | Noticed a necrophage
   259 | D        | Reached skill level 6 in Unarmed Combat
   266 | D        | Killed a necrophage
   266 | D        | Reached skill level 7 in Unarmed Combat
   266 | D        | Reached skill level 5 in Fighting
   266 | D        | Reached skill level 8 in Unarmed Combat
   266 | D        | Reached XP level 4. HP: 49/52 MP: 3/3
   311 | D        | Noticed a floating eye
   322 | D        | Noticed a black bear
   322 | D        | Noticed a fire bat
   322 | D        | Paralysed by a floating eye for 3 turns
   326 | D        | Killed a floating eye
   326 | D        | Reached skill level 9 in Unarmed Combat
   326 | D        | Reached XP level 5. HP: 57/62 MP: 4/4
   329 | D        | Killed a black bear
   329 | D        | Reached skill level 10 in Unarmed Combat
   329 | D        | Reached XP level 6. HP: 63/72 MP: 5/5
   337 | D        | Killed a fire bat
   406 | D        | Reached skill level 11 in Unarmed Combat
   410 | D        | Noticed a blink frog
   412 | D        | Killed a blink frog
   412 | D        | Reached skill level 10 in Fighting
   412 | D        | Reached XP level 7. HP: 85/85 MP: 6/6
   418 | D        | Reached skill level 12 in Unarmed Combat
   535 | D        | Noticed a bog body
   535 | D        | Noticed a basilisk
   556 | D        | Killed a basilisk
   565 | D        | Killed from afar by a bog body

Illustrated notes

Levels and vault maps discovered:
D:        pitsprint [storerooms_1, entrance_room_1, metal_vault_5, armoury_2,
          mini_pit_1, grid_room_1, main_hall_1, silver_pit, the_coven_3,
          the_vestibule_1, steel_vault_4, golden_pit, hallway_of_sentries,
          crystal_vault_2, iron_vault_5, final_vault]

Skill      XL: |  1  2  3  4  5  6  7 |
---------------+----------------------+-----
Unarmed Combat | 5 8 9 10 11 12 | 12.8
Fighting       | 4 5 7 10 | 10.0
Dodging        | |  2.4
Stealth        | |  1.0

Action                   |  1- 3 |  4- 6 |  7- 9 || total
-------------------------+-------+-------+-------++-------
Melee: Unarmed           |    37 |    24 |    16 ||    77
       Punch             |     2 |       |     1 ||     3
  Use: Potion            |     2 |       |     1 ||     3
 Stab: Sleeping          |     1 |     1 |       ||     2
Armor: Robe              |    17 |    21 |    12 ||    50
Dodge: Dodged            |    17 |    11 |     3 ||    31

Table legend: (Time is in decaauts)
 A = Elapsed time spent in this place.
 B = Non-inter-level travel time spent in this place.
 C = Inter-level travel time spent in this place.
 D = Time resting spent in this place.
 E = Time spent auto-exploring this place.
 F = Levels seen in this place.
 G = Mean time per level.
                   A        B        C        D        E       F      G
               +--------+--------+--------+--------+--------+-----+--------+
         Total |    556 |    535 |     21 |    295 |      0 |   1 |  556.0 |
       Dungeon |    556 |    535 |     21 |    295 |      0 |   1 |  556.0 |
               +--------+--------+--------+--------+--------+-----+--------+

Top non-repeatable levels by time:
       D: 556 daAuts
